 Dungeon Crawl Stone Soup version 0.27-a0-951-gae3e1deef5 (webtiles) character file.

Game seed: 16882225680498280728

197 Charly the Chopper (level 5, -2/49 HPs)
             Began as a Deep Dwarf Fighter on Apr 12, 2021.
             Slain by an iguana (3 damage)
             ... on level 4 of the Dungeon.
             The game lasted 00:05:08 (2358 turns).

Charly the Chopper (Deep Dwarf Fighter)             Turns: 2358, Time: 00:05:08

Health: -2/49      AC: 11    Str: 20    XL:     5   Next: 46%
Magic:  4/4        EV:  7    Int: 15    God:
Gold:   106        SH:  9    Dex: 12    Spells: 4/4 levels left

rFire    . . .     SeeInvis .   a - +0 war axe
rCold    . . .     Faith    .   c - +0 kite shield
rNeg     . . .     Spirit   .   b - +0 scale mail
rPois    .         Reflect  .   (no helmet)
rElec    .         Harm     .   (no cloak)
rCorr    .         Rampage  .   (no gloves)
Will     .....                  (no boots)
Stlth    ..........             h - amulet of the acrobat
HPRegen  0.00/turn              g - +6 ring of intelligence
MPRegen  0.09/turn              i - +4 ring of protection

@: non-regenerating
A: damage resistance, heal wounds, sense surroundings 1, no regeneration
a: Heal Wounds


You were on level 4 of the Dungeon.
You visited 1 branch of the dungeon, and saw 4 of its levels.

You collected 106 gold pieces.

Inventory:

Hand Weapons
 a - a +0 war axe (weapon)
Armour
 b - a +0 scale mail (worn)
 c - a +0 kite shield (worn)
Jewellery
 g - a +6 ring of intelligence (left hand)
 h - an amulet of the acrobat (around neck)
 i - a +4 ring of protection (right hand)
Scrolls
 e - a scroll of enchant armour {unknown}
 j - a scroll of identify
 k - 2 scrolls of teleportation
 l - a scroll of immolation {unknown}
Potions
 d - a potion of might
 f - 5 potions of curing


   Skills:
 + Level 3.4 Fighting
 * Level 4.3 Axes
 + Level 4.2 Armour
 + Level 4.2 Shields


You had 4 spell levels left.
You didn't know any spells.
Your spell library was empty.

Dungeon Overview and Level Annotations

Branches:
Dungeon (4/15)
 Temple: D:4-7

Altars:
Gozag
Uskayaw

Shops:
D:2 :

Annotations:
D:3 2 transporters


Innate Abilities, Weirdness & Mutations

You are resistant to damage.
You can heal yourself by infusing magical energy.
You passively map a small area around you.
You do not regenerate.


Message History

Your shield prevents you from hitting the iguana.
The iguana is lightly wounded.
The iguana bites you but does no damage.
You hit the iguana but do no damage.
The iguana is lightly wounded.
You block the iguana's attack. x2
You closely miss the iguana.
The iguana is lightly wounded.
You block the iguana's attack.
You barely miss the iguana.
The iguana is lightly wounded.
You block the iguana's attack.
The iguana bites you but does no damage.
You closely miss the iguana.
The iguana is lightly wounded.
The iguana bites you!
You closely miss the iguana.
The iguana is lightly wounded.
The iguana bites you.
* * * LOW HITPOINT WARNING * * *
The iguana barely misses you.
You hit the iguana but do no damage.
The iguana is lightly wounded.
You block the iguana's attack.
You barely miss the iguana.
The iguana is lightly wounded.
The iguana barely misses you. The iguana closely misses you.
You hit the iguana but do no damage. The iguana bites you.
* * * LOW HITPOINT WARNING * * *
Press: ? - help, v - describe, . - travel
Here: an iguana The floor.
You fail to use your ability.
The iguana bites you!
* * * LOW HITPOINT WARNING * * *
You fail to use your ability.
The iguana closely misses you.
You fail to use your ability.
The iguana barely misses you.
You fail to use your ability.
The iguana bites you but does no damage.
You fail to use your ability.
The iguana bites you.
You die...

, , *#...# *
#*#...#.#
,,.##...#.#
,.....#.##### * ,*
#.........>##.* *
..#..........* ,
###l#.##......# ,⌠
* ,#..@#..#......#
** * *
#.#....#.......,
*# #.#...#.# ,,,
,, , * *
*,#.#.#.#.# , ,, *
,,....#.#.# , ,, ,
*
...###...#########
#....#
#...........#
#....#
#...........# *
#....
#...........#


You could see an iguana.

Vanquished Creatures
  A centaur zombie (D:3)
  An iguana (D:3)
  An orc wizard (D:3)
  3 adders (D:2)
  3 gnolls (D:2)
  A dart slug (D:3)
  3 orcs (D:3)
  5 endoplasms
  3 giant cockroaches
  A goblin (D:1)
  9 hobgoblins
  6 jackals (D:1)
  A quokka (D:2)
  4 ball pythons
  2 bats
  2 frilled lizards
  A jackal skeleton (D:2)
  5 kobolds
  5 rats
57 creatures vanquished.

Vanquished Creatures (others)
  4 withered plants (D:3)
4 creatures vanquished.

Grand Total: 61 creatures vanquished

Notes
Turn   | Place    | Note
-------+----------+-------------------------------------------
     0 | D:1      | Charly the Deep Dwarf Fighter began the quest for the Orb.
     0 | D:1      | Reached XP level 1. HP: 20/20 MP: 1/1
   128 | D:1      | Reached XP level 2. HP: 27/27 MP: 2/2
   788 | D:2      | Reached XP level 3. HP: 23/33 MP: 3/3
   812 | D:2      | Found Jyacyugg's Book Boutique.
  1004 | D:2      | Reached XP level 4. HP: 19/42 MP: 4/4
  1481 | D:3      | Reached XP level 5. HP: 14/49 MP: 5/5
  1502 | D:3      | Found a faded altar of an unknown god.
  1779 | D:3      | Found an opulent altar of Gozag.
  1780 | D:3      | Found a hide-covered altar of Uskayaw.
  1780 | D:3      | Noticed a yak
  1782 | D:3      | Found a transporter.
  1790 | D:3      | Found a transporter.
  2354 | D:4      | HP: 1/49 [iguana (10)]
  2358 | D:4      | Slain by an iguana

Illustrated notes

Levels and vault maps discovered:
D:1:      dpeg_arrival_leaves_temple_mockup, layout_basic
D:2:      layout_loops_ring, serial_shops, nicolae_shop_crystal, minmay_cut_off
D:3:      layout_basic, gammafunk_temple_overflow_arena,
          ebering_ecumenical_altar_petrified, hangedman_decor_diamond_cutter,
          minmay_misc_feat_tower
D:4:      minmay_skewed_foursquare, layout_basic, minmay_temple_entry_mist,
          serial_shops, kennysheep_mini, minmay_bisected

Skill      XL: |  1  2  3  4 |
---------------+-------------+-----
Axes           | 3 4 |  4.3
Fighting       | 3 |  3.4
Armour         | 4 |  4.2
Shields        | 4 |  4.2

Action                   |  1- 3 |  4- 6 || total
-------------------------+-------+-------++-------
Melee: War axe           |   103 |    92 ||   195
 Abil: Heal Wounds       |       |     1 ||     1
  Use: Scroll            |       |     2 ||     2
Armor: Scale mail        |    39 |    27 ||    66
Dodge: Dodged            |    43 |    34 ||    77
Block: Kite shield       |    58 |    56 ||   114

Table legend: (Time is in decaauts)
 A = Elapsed time spent in this place.
 B = Non-inter-level travel time spent in this place.
 C = Inter-level travel time spent in this place.
 D = Time resting spent in this place.
 E = Time spent auto-exploring this place.
 F = Levels seen in this place.
 G = Mean time per level.
                   A        B        C        D        E       F      G
               +--------+--------+--------+--------+--------+-----+--------+
         Total |   2466 |   2359 |    107 |      0 |   1883 |   4 |  616.5 |
       Dungeon |   2466 |   2359 |    107 |      0 |   1883 |   4 |  616.5 |
               +--------+--------+--------+--------+--------+-----+--------+

Top non-repeatable levels by time:
     D:3: 821 daAuts
     D:1: 771 daAuts
     D:2: 726 daAuts
     D:4: 146 daAuts
